 Dungeon Crawl Stone Soup version 0.27.0-1-g7a089689b8 (webtiles) character file.

Game seed: 7428395753406727727

65 ZARRMARR the Digger (level 4, -4/24 HPs)
             Began as a Gargoyle Earth Elementalist on July 31, 2021.
             Killed from afar by an orc wizard (12 damage)
             ... with a puff of flame
             ... on level 3 of the Dungeon.
             The game lasted 00:18:24 (2917 turns).

ZARRMARR the Digger (Gargoyle Earth Elementalist)   Turns: 2917, Time: 00:18:24

Health: -4/24      AC:  7    Str: 12    XL:     4   Next: 14%
Magic:  8/8        EV: 12    Int: 16    God:
Gold:   34         SH:  0    Dex: 10    Spells: 5/8 levels left

rFire    . . .     SeeInvis .   d - +0 dagger
rCold    . . .     Faith    .   (no shield)
rNeg     + . .     Spirit   .   b - +1 robe
rPois    ∞         Reflect  .   (no helmet)
rElec    +         Harm     .   (no cloak)
rCorr    .         Rampage  .   (no gloves)
Will     .....                  j - +0 pair of boots
Stlth    +.........             (no amulet)
HPRegen  0.08/turn              (no ring)
MPRegen  0.11/turn              (no ring)

@: confused
A: sickness immunity, AC +3, negative energy resistance 1, electricity
resistance, torment resistance 1, petrification resistance
a: no special abilities


You were on level 3 of the Dungeon.
You visited 1 branch of the dungeon, and saw 3 of its levels.

You collected 72 gold pieces.
You spent 38 gold pieces at shops.

Inventory:

Hand Weapons
 d - a +0 dagger (weapon)
Missiles
 c - 32 stones (quivered)
Armour
 b - a +1 robe (worn)
 j - a +0 pair of boots (worn)
Scrolls
 i - a scroll of acquirement
 k - a scroll of teleportation
Potions
 e - a potion of degeneration {unknown}
 f - a potion of haste {unknown}
 g - a potion of curing {unknown}
 h - a potion of cancellation {unknown}


   Skills:
 + Level 0.3 Fighting
 + Level 0.3 Short Blades
 + Level 0.3 Throwing
 + Level 1.7 Dodging
 + Level 2.5 Stealth
 + Level 2.7 Spellcasting
 + Level 1.0 Transmutations
 + Level 4.5 Earth Magic


You had 5 spell levels left.
You knew the following spells:

 Your Spells              Type           Power      Damage    Failure   Level
a - Sandblast             Erth           32%        2d9       3%          1
b - Passwall              Tmut/Erth      9%         N/A       10%         2

Your spell library contained the following spells:

 Spells                   Type           Power      Damage    Failure   Level
 Corona                   Hex            2%         N/A       19%         1
 Stone Arrow              Conj/Erth      18%        3d8       22%         3
 Ensorcelled Hibernation  Hex/Ice        4%         N/A       28%         2
 Tukima's Dance           Hex            2%         N/A       50%         3
 Petrify                  Tmut/Erth      11%        N/A       52%         4


Dungeon Overview and Level Annotations

Branches:
Dungeon (3/15)

Altars:
Elyvilon

Shops:
D:2 :([*


Innate Abilities, Weirdness & Mutations

You are immune to sickness and miasma.
Your stone body is resilient. (AC +3)
You are immune to poison.
You resist negative energy. (rN+)
You are resistant to electric shocks. (rElec)
You are resistant to unholy torment.
You are immune to petrification.


Message History

The stone closely misses the orc wizard.
Throw: 37 stones
Press: ? - help, Q - select action, (/) - cycle Shift-Dir - straight line, f/p - orc wizard
Aim: an orc wizard, wielding a +0 dagger and wearing a +0 robe (heavily wounded, 45% to hit)
You throw a stone.
The stone hits the orc wizard but does no damage.
The orc wizard is heavily wounded.
The orc wizard casts a spell at you. The puff of flame hits you!
Throw: 36 stones
Press: ? - help, Q - select action, (/) - cycle Shift-Dir - straight line, f/p - orc wizard
Aim: an orc wizard, wielding a +0 dagger and wearing a +0 robe (steam, heavily wounded, 45% to hit)
You throw a stone.
The stone closely misses the orc wizard.
The orc wizard is engulfed in a cloud of scalding steam.
The orc wizard points at you and mumbles some strange words.
You are confused.
Non-targeted confused throw: 35 stones
Press: ? - help, Q - select action, (/) - cycle Dir - look around, f - activate You throw a stone.
Non-targeted confused throw: 34 stones
Press: ? - help, Q - select action, (/) - cycle Dir - look around, f - activate You throw a stone.
You hear a splash.
The orc wizard gestures at you while chanting.
The magic dart hits you.
Non-targeted confused throw: 33 stones
Press: ? - help, Q - select action, (/) - cycle Dir - look around, f - activate You throw a stone.
The orc wizard points at you and mumbles some strange words.
You are more confused.
Unknown command.
Unknown command.
You're too confused to move!
The orc wizard gestures wildly while chanting.
The orc wizard flickers and vanishes!
A puff of flame appears from out of thin air!
The puff of flame hits you!
Ouch! That really hurt!
You die...

##......#########.# #.#
....####.(≈≈≈≈≈..## #.# .#.##
#.≈({...≈.# #.#
...<####.≈.≈§≈.≈.# # #.#
.......#.≈≈...≈≈.# .. #.#
.....###.≈≈._.≈≈.# #. #.#
.#.#.# #.≈≈...§≈.# ###.###.#
..##.# #.≈.≈≈≈.§(# ........#
.#.#.# #.≈.....≈@# ######..#
..##.###..≈≈≈≈≈..## #..##
.###.##.#########.# #####...#
.###.##.####.# #.# #.......#
..........##.## #.# #.###...#
.####.....#...###.###.###.###
.####........<.##.........#
..............#######.#####
#####......#.########.#


There were no monsters in sight!

Vanquished Creatures
  An adder (D:3)
  A worm (D:2)
  A dart slug (D:1)
  2 orcs (D:3)
  5 ball pythons
  2 bats (D:1)
  7 endoplasms
  A giant cockroach (D:1)
  5 goblins
  2 hobgoblins
  4 jackals (D:2)
  A quokka (D:1)
  7 frilled lizards
  4 kobolds (D:2)
  2 rats (D:3)
45 creatures vanquished.

Vanquished Creatures (others)
  2 plants (D:1)
2 creatures vanquished.

Grand Total: 47 creatures vanquished

Notes
Turn   | Place    | Note
-------+----------+-------------------------------------------
     0 | D:1      | ZARRMARR the Gargoyle Earth Elementalist began the quest
                  | for the Orb.
     0 | D:1      | Reached XP level 1. HP: 10/10 MP: 3/3
   242 | D:1      | Reached XP level 2. HP: 15/15 MP: 5/5
   253 | D:1      | Reached skill level 4 in Earth Magic
   405 | D:1      | Reached skill level 1 in Transmutations
   895 | D:1      | Identified a scroll of acquirement
   938 | D:2      | Found Riptenk's Weapon Shoppe.
  1089 | D:2      | Reached XP level 3. HP: 19/19 MP: 3/6
  1492 | D:2      | Found Agitebeo's Assorted Antiques.
  1495 | D:2      | Bought a scroll of identify for 38 gold pieces
  1518 | D:2      | Found a faded altar of an unknown god.
  1790 | D:2      | Found Toluoll's Book Shop.
  2100 | D:2      | Found Ratu's Antique Armour Shoppe.
  2140 | D:2      | Learned a level 2 spell: Passwall
  2237 | D:3      | Found a white marble altar of Elyvilon.
  2434 | D:3      | Reached XP level 4. HP: 8/24 MP: 6/8
  2917 | D:3      | Killed from afar by an orc wizard

Illustrated notes

Levels and vault maps discovered:
D:1:      nzn_arrival_crosshair, layout_basic, kennysheep_boxes
D:2:      layout_loops_corners, shapermc_ecumenical_altar_totnotflames,
          serial_shops, shop_statue, shop, nicolae_shop_behind_doors, shop
D:3:      layout_loops_corners, mainiacjoe_overflow_paths,
          minmay_misc_feat_secret_circle

Skill      XL: |  1  2 |
---------------+-------+-----
Earth Magic    | 4 |  4.5
Transmutations | 1 |  1.0
Fighting       | |  0.3
Short Blades   | |  0.3
Throwing       | |  0.3
Dodging        | |  1.7
Stealth        | |  2.5
Spellcasting   | |  2.7

Action                   |  1- 3 |  4- 6 || total
-------------------------+-------+-------++-------
Melee: Dagger            |    93 |    11 ||   104
Throw: Stone             |    37 |     7 ||    44
 Cast: Sandblast         |    32 |     8 ||    40
       Passwall          |     1 |       ||     1
  Use: Scroll            |     4 |     2 ||     6
       Potion            |       |     1 ||     1
 Stab: Sleeping          |     6 |       ||     6
Armor: Robe              |    28 |     5 ||    33
Dodge: Dodged            |    51 |    10 ||    61
